 Dungeon Crawl Stone Soup version 0.28-a0-919-g0b5b508569 (webtiles) character file.

Game seed: 10703584035571975791

425 timneilson the Shield-Bearer (level 6, -3/38 HPs)
             Began as a Gargoyle Fighter on Nov 25, 2021.
             Slain by an ogre (13 damage)
             ... on level 4 of the Dungeon.
             The game lasted 00:04:46 (3186 turns).

timneilson the Shield-Bearer (Gargoyle Fighter)     Turns: 3186, Time: 00:04:47

Health: -3/38      AC: 15    Str: 27    XL:     6   Next: 96%
Magic:  6/6        EV:  9    Int:  9    God:
Gold:   196        SH:  4    Dex:  9    Spells: 5/5 levels left

rFire   . . .      SeeInvis .   a - +1 long sword
rCold   . . .      Faith    .   c - +0 buckler
rNeg    + . .      Spirit   .   e - +0 chain mail
rPois   ∞          Reflect  .   m - +0 helmet
rElec   +          Harm     .   (no cloak)
rCorr   .          Rampage  .   (no gloves)
Will    .....                   (no boots)
Stlth   ..........              (no amulet)
HPRegen 0.12/turn               b - +6 ring of strength
MPRegen 0.10/turn               j - +4 ring of slaying

@: no status effects
A: sickness immunity, AC +4, negative energy resistance 1, electricity
resistance, torment resistance 1, petrification resistance
a: no special abilities


You were on level 4 of the Dungeon.
You visited 1 branch of the dungeon, and saw 4 of its levels.

You collected 196 gold pieces.

Inventory:

Hand Weapons
 a - a +1 long sword (weapon)
Armour
 c - a +0 buckler (worn)
 e - a +0 chain mail (worn)
 m - a +0 helmet (worn)
Jewellery
 b - a +6 ring of strength (left hand)
 j - a +4 ring of slaying (right hand)
Wands
 f - a wand of flame (7)
Scrolls
 g - a scroll of enchant weapon
Potions
 d - a potion of might
 h - a potion of flight
 i - a potion of resistance
 k - 2 potions of curing
 p - a potion of attraction {unknown}


   Skills:
 + Level 4.1 Fighting
 * Level 3.4 Long Blades
 * Level 4.9 Armour
 + Level 1.6 Dodging
 * Level 5.1 Shields
 + Level 0.6 Evocations


You had 5 spell levels left.
You didn't know any spells.
Your spell library was empty.

Dungeon Overview and Level Annotations

Branches:
Dungeon (4/15)
 Temple: D:4-7

Altars:
Uskayaw


Innate Abilities, Weirdness & Mutations

You are immune to sickness and miasma.
Your stone body is resilient. (AC +4)
You are immune to poison.
You resist negative energy. (rN+)
You are resistant to electric shocks. (rElec)
You are resistant to unholy torment.
You are immune to petrification.


Message History

Natasha, Servant of Life and Death comes into view.
Natasha hisses angrily.
You hit Natasha.
Natasha is moderately wounded.
Natasha claws you.
You miss Natasha.
Natasha is moderately wounded.
Natasha barely misses you.
You closely miss Natasha.
Natasha is moderately wounded.
Natasha closely misses you.
Natasha mumbles some strange words.
You hit Natasha.
Natasha is heavily wounded.
Natasha closely misses you.
The white imp hits you but does no damage.
Your chain mail prevents you from hitting Natasha.
Natasha is heavily wounded.
The white imp gestures at you.
The puff of frost hits you but does no damage.
Natasha stares at you and mumbles some strange words.
You resist with some effort.
You hit Natasha.
You kill Natasha!
Natasha growls in agony!
The white imp disappears in a puff of smoke!
You see here the felid corpse of Natasha.
You see here a +0 whip.
Found a stone staircase leading down.
The ogre barely misses you.
You completely miss the ogre.
The ogre hits you with a +0 giant spiked club!
You slash the ogre!
The ogre is moderately wounded.
The ogre hits you with a +0 giant spiked club!
* * * LOW HITPOINT WARNING * * *
You slash the ogre!
The ogre is almost dead.
The ogre hits you with a +0 giant spiked club!
You die...

......... ## .. #.......
.. .. ##......## ## #.
.....)..## ######.##
#.#......###
#.......#####.#.........
.......................>
#...>..O.........).#.###
#......@# ##.#.....#....
#.......###....#########
#######.....#### #
#.....# #....## ######


You could see an ogre.

Vanquished Creatures
  Grinder (D:3)
  A necrophage (D:3)
  Natasha (D:4)
  An iguana (D:4)
  A howler monkey skeleton (D:4)
  2 adders (D:3)
  A worm (D:2)
  3 dart slugs
  2 orcs (D:3)
  5 ball pythons
  8 endoplasms
  2 giant cockroaches (D:2)
  5 goblins
  4 hobgoblins
  5 quokkas
  4 bats
  2 frilled lizards
  4 kobolds
  3 rats (D:2)
55 creatures vanquished.

Notes
Turn   | Place    | Note
-------+----------+-------------------------------------------
     0 | D:1      | timneilson the Gargoyle Fighter began the quest for the
                  | Orb.
     0 | D:1      | Reached XP level 1. HP: 14/14 MP: 1/1
   392 | D:1      | Reached XP level 2. HP: 19/19 MP: 2/2
  1315 | D:2      | Reached XP level 3. HP: 23/23 MP: 3/3
  1496 | D:2      | Found a faded altar of an unknown god.
  1507 | D:2      | You fall into a shaft and drop 2 floors!
  1540 | D:4      | Reached skill level 4 in Shields
  1540 | D:4      | Reached XP level 4. HP: 16/28 MP: 4/4
  1674 | D:4      | Noticed a scorpion
  1704 | D:3      | Found a hide-covered altar of Uskayaw.
  2348 | D:3      | Noticed Grinder
  2353 | D:3      | Paralysed by Grinder for 2 turns
  2361 | D:3      | Killed Grinder
  2362 | D:3      | Reached skill level 1 in Dodging
  2362 | D:3      | Reached XP level 5. HP: 14/33 MP: 5/5
  2362 | D:3      | Reached XP level 6. HP: 16/38 MP: 6/6
  3096 | D:4      | Noticed a necrophage
  3116 | D:3      | Killed a necrophage
  3117 | D:3      | Reached skill level 5 in Shields
  3151 | D:4      | Noticed Natasha
  3159 | D:4      | Killed Natasha
  3186 | D:4      | Slain by an ogre

Illustrated notes

Levels and vault maps discovered:
D:1:      amcnicky_arrival_single_pillar, layout_basic
D:2:      layout_basic, basic_ecumenical_altar, minmay_divided_ellipse
D:3:      layout_loops_corners, nicolae_uskayaw_murder_on_the_dancefloor,
          minmay_misc_feat_tiny, uniq_grinder
D:4:      layout_rooms, kennysheep_potato, uniq_natasha

Skill      XL: |  1  2  3  4  5  6 |
---------------+-------------------+-----
Long Blades    | 2 3 |  3.4
Shields        | 4 5 |  5.1
Armour         | 4 |  4.9
Dodging        | 1 |  1.6
Fighting       | 4 |  4.1
Evocations     | |  0.6

Action                   |  1- 3 |  4- 6 || total
-------------------------+-------+-------++-------
Melee: Long sword        |    81 |    61 ||   142
  Use: Scroll            |     5 |     4 ||     9
Armor: Scale mail        |     6 |       ||     6
       Chain mail        |    32 |    35 ||    67
Dodge: Dodged            |    23 |    28 ||    51
Block: Buckler           |     7 |     9 ||    16

Table legend: (Time is in decaauts)
 A = Elapsed time spent in this place.
 B = Non-inter-level travel time spent in this place.
 C = Inter-level travel time spent in this place.
 D = Time resting spent in this place.
 E = Time spent auto-exploring this place.
 F = Levels seen in this place.
 G = Mean time per level.
                   A        B        C        D        E       F      G
               +--------+--------+--------+--------+--------+-----+--------+
         Total |   3228 |   3049 |    179 |    175 |   2292 |   4 |  807.0 |
       Dungeon |   3228 |   3049 |    179 |    175 |   2292 |   4 |  807.0 |
               +--------+--------+--------+--------+--------+-----+--------+

Top non-repeatable levels by time:
     D:3: 1170 daAuts
     D:1: 1021 daAuts
     D:2: 781 daAuts
     D:4: 255 daAuts
